[ AOE2 MATCH · #505804570 ]
UnrankedVietnamese vs Saracens
Player's team · WIN
Rival team · LOSS
[ REPLAY ANALYSIS · EXTRACTED FROM THE RECORDED GAME ]
Feudal
9:22
Castle
23:07
Imperial
38:38
| APM avg | 74.3 |
| APM peak | 99 |
| eAPM avg | 23.5 |
| Villagers / military | 135 / 120 |
Focus
⚔️ 31.0% · 🌾 69.0%
Skirmisher ×76 · Scout Cavalry ×15 · Archer ×10 · Mangonel ×8 · Militia ×4 · Trebuchet (Packed) ×3
Feudal
8:54
Castle
22:03
Imperial
39:34
| APM avg | 50.1 |
| APM peak | 83 |
| eAPM avg | 22.5 |
| Villagers / military | 123 / 128 |
Focus
⚔️ 33.2% · 🌾 66.8%
Skirmisher ×108 · Mangonel ×7 · Mameluke ×5 · Bombard Cannon ×4 · Archer ×1 · Scorpion ×1
Match map
Initial resources + every placement click. Lines = walls · curves = elevation contours. ◆ gold · ⬟ stone · ● berries · ✦ relic · ◌ wall gap
Your base· Open — unwalled flank
_DaViCy_'s base· Open — unwalled flank
Smoothed initial terrain · ◌ = detected wall gap · hover for details
Inputs per minute
— PomPom - - _DaViCy_
Build order — PomPom
First 150 of 368 actions detected
| 0:00 | Create | Villager (Male) |
| 0:01 | Create | Villager (Male) |
| 0:02 | Build | House |
| 0:03 | Build | House |
| 0:10 | Create | Villager (Male) |
| 0:11 | Create | Villager (Male) |
| 1:26 | Create | Villager (Male) |
| 1:27 | Create | Villager (Male) |
| 1:51 | Create | Villager (Male) |
| 1:51 | Create | Villager (Male) |
| 2:26 | Create | Villager (Male) |
| 2:27 | Create | Villager (Male) |
| 2:52 | Create | Villager (Male) |
| 2:59 | Build | Lumber Camp |
| 3:04 | Create | Villager (Male) |
| 3:37 | Create | Villager (Male) |
| 3:41 | Build | House |
| 4:00 | Create | Villager (Male) |
| 4:27 | Create | Villager (Male) |
| 4:45 | Create | Villager (Male) |
| 5:07 | Create | Villager (Male) |
| 5:26 | Create | Villager (Male) |
| 5:35 | Build | Barracks |
| 6:03 | Create | Villager (Male) |
| 6:31 | Build | Mining Camp |
| 6:40 | Build | House |
| 6:43 | Research | Loom |
| 7:06 | Build | Mining Camp |
| 7:12 | Research | Feudal Age |
| 7:24 | Create | Militia |
| 7:38 | Create | Militia |
| 7:52 | Build | Mill |
| 8:04 | Create | Militia |
| 8:19 | Create | Militia |
| 8:55 | Create | Villager (Male) |
| 9:12 | Build | House |
| 9:22 | Age | Feudal Age |
| 9:33 | Research | Man-at-Arms (upgrade) |
| 9:33 | Research | Man-at-Arms (upgrade) |
| 9:36 | Create | Villager (Male) |
| 9:50 | Build | House |
| 9:58 | Create | Villager (Male) |
| 10:21 | Build | Watch Tower |
| 10:29 | Create | Villager (Male) |
| 10:55 | Build | Archery Range |
| 10:56 | Build | Archery Range |
| 10:56 | Create | Villager (Male) |
| 11:17 | Create | Villager (Male) |
| 11:32 | Build | Palisade Wall |
| 11:34 | Build | Palisade Wall |
| 11:34 | Build | Palisade Wall |
| 11:35 | Build | Palisade Wall |
| 11:35 | Build | Palisade Wall |
| 11:41 | Create | Villager (Male) |
| 11:52 | Build | Archery Range |
| 12:00 | Create | Villager (Male) |
| 12:15 | Create | Villager (Male) |
| 12:21 | Create | Skirmisher |
| 12:21 | Create | Skirmisher |
| 12:23 | Build | House |
| 12:37 | Create | Villager (Male) |
| 13:08 | Create | Villager (Male) |
| 13:23 | Build | Farm |
| 13:25 | Build | Farm |
| 13:26 | Create | Archer |
| 13:26 | Create | Archer |
| 13:27 | Create | Archer |
| 13:27 | Create | Archer |
| 13:38 | Create | Skirmisher |
| 13:43 | Build | House |
| 13:56 | Create | Villager (Male) |
| 13:58 | Create | Villager (Male) |
| 13:59 | Build | Farm |
| 14:03 | Build | Farm |
| 14:31 | Create | Skirmisher ×4 |
| 15:06 | Create | Skirmisher ×4 |
| 15:07 | Create | Villager (Male) |
| 15:07 | Create | Villager (Male) |
| 15:07 | Create | Villager (Male) |
| 15:10 | Build | House |
| 15:11 | Build | House |
| 15:37 | Build | Farm |
| 15:38 | Build | House |
| 15:39 | Build | House |
| 16:00 | Create | Archer |
| 16:44 | Create | Villager (Male) |
| 16:46 | Build | Farm |
| 16:47 | Build | Farm |
| 16:50 | Build | House |
| 16:56 | Build | Blacksmith |
| 17:04 | Create | Villager (Male) |
| 17:04 | Create | Villager (Male) |
| 17:12 | Build | Farm |
| 17:42 | Research | Fletching |
| 17:50 | Build | House |
| 17:50 | Build | House |
| 17:53 | Create | Villager (Male) |
| 18:12 | Create | Skirmisher ×5 |
| 18:15 | Create | Villager (Male) |
| 18:16 | Create | Villager (Male) |
| 18:19 | Build | Farm |
| 19:09 | Create | Villager (Male) |
| 19:15 | Build | Lumber Camp |
| 19:29 | Build | Farm |
| 19:31 | Build | Farm |
| 19:33 | Build | Farm |
| 19:42 | Build | Lumber Camp |
| 20:10 | Build | Farm |
| 20:13 | Build | Farm |
| 20:27 | Research | Castle Age |
| 20:28 | Research | Castle Age |
| 20:30 | Create | Archer ×5 |
| 20:49 | Build | Farm |
| 20:57 | Build | Farm |
| 20:59 | Research | Horse Collar |
| 22:17 | Build | House |
| 22:19 | Build | Palisade Wall |
| 22:22 | Build | Farm |
| 22:23 | Build | Farm |
| 22:23 | Build | Farm |
| 22:32 | Build | Farm |
| 23:05 | Build | Farm |
| 23:07 | Research | Padded Archer Armor |
| 23:07 | Age | Castle Age |
| 23:08 | Research | Padded Archer Armor |
| 23:11 | Research | Crossbowman (upgrade) |
| 23:11 | Research | Crossbowman (upgrade) |
| 23:12 | Research | Double-Bit Axe |
| 23:12 | Research | Double-Bit Axe |
| 23:14 | Create | Villager (Male) |
| 23:14 | Create | Villager (Male) |
| 23:29 | Research | Bodkin Arrow |
| 23:29 | Research | Bodkin Arrow |
| 23:38 | Create | Villager (Male) |
| 23:41 | Build | Farm |
| 23:42 | Build | Farm |
| 23:43 | Build | Siege Workshop |
| 24:04 | Create | Villager (Male) |
| 24:12 | Research | Elite Skirmisher (upgrade) |
| 24:12 | Research | Elite Skirmisher (upgrade) |
| 24:16 | Build | Farm |
| 24:16 | Build | Farm |
| 24:20 | Create | Scorpion |
| 24:43 | Build | Farm |
| 24:46 | Build | Farm |
| 24:50 | Build | Market |
| 24:55 | Create | Villager (Male) |
| 24:56 | Create | Villager (Male) |
| 24:56 | Create | Villager (Male) |
| 25:29 | Create | Villager (Male) |
Build order — _DaViCy_
First 150 of 454 actions detected
| 0:00 | Create | Villager (Male) |
| 0:01 | Build | House |
| 0:02 | Build | House |
| 0:03 | Create | Villager (Male) |
| 0:08 | Create | Villager (Male) |
| 0:09 | Create | Villager (Male) |
| 0:10 | Create | Villager (Male) |
| 1:25 | Create | Villager (Male) |
| 1:50 | Create | Villager (Male) |
| 1:50 | Create | Villager (Male) |
| 2:10 | Build | Lumber Camp |
| 2:24 | Create | Villager (Male) |
| 2:25 | Create | Villager (Male) |
| 2:47 | Create | Villager (Male) |
| 2:48 | Create | Villager (Male) |
| 3:07 | Create | Villager (Male) |
| 3:39 | Create | Villager (Male) |
| 3:39 | Create | Villager (Male) |
| 3:39 | Create | Villager (Male) |
| 3:59 | Build | House |
| 4:34 | Create | Villager (Male) |
| 4:34 | Create | Villager (Male) |
| 4:46 | Build | Mill |
| 5:13 | Create | Villager (Male) |
| 5:13 | Create | Villager (Male) |
| 6:10 | Research | Loom |
| 6:44 | Research | Feudal Age |
| 6:44 | Research | Feudal Age |
| 7:21 | Build | Barracks |
| 7:36 | Build | House |
| 7:37 | Build | Palisade Wall |
| 8:07 | Create | Villager (Male) |
| 8:21 | Build | Palisade Wall |
| 8:30 | Build | Palisade Wall |
| 8:48 | Create | Villager (Male) |
| 8:54 | Age | Feudal Age |
| 9:00 | Build | Archery Range |
| 9:10 | Build | Palisade Wall |
| 9:14 | Build | Palisade Wall |
| 9:20 | Build | House |
| 9:21 | Build | Palisade Wall |
| 9:22 | Create | Villager (Male) |
| 9:22 | Create | Villager (Male) |
| 9:23 | Research | Double-Bit Axe |
| 9:24 | Research | Double-Bit Axe |
| 9:49 | Build | Palisade Wall |
| 9:51 | Build | Palisade Wall |
| 9:53 | Create | Archer |
| 9:56 | Create | Villager (Male) |
| 9:58 | Build | Farm |
| 9:59 | Build | Farm |
| 10:20 | Build | Farm |
| 10:28 | Build | House |
| 10:31 | Build | Palisade Wall |
| 10:35 | Build | Palisade Wall |
| 10:39 | Create | Villager (Male) |
| 10:39 | Create | Skirmisher |
| 10:47 | Build | House |
| 10:52 | Build | Palisade Wall |
| 10:59 | Build | Watch Tower |
| 11:02 | Create | Villager (Male) |
| 11:05 | Build | Farm |
| 11:06 | Build | Farm |
| 11:17 | Create | Villager (Male) |
| 11:34 | Build | Farm |
| 11:46 | Create | Villager (Male) |
| 12:28 | Create | Villager (Male) |
| 12:31 | Build | House |
| 12:40 | Build | Farm |
| 12:42 | Build | Farm |
| 12:49 | Create | Villager (Male) |
| 13:08 | Build | Farm |
| 13:11 | Build | Farm |
| 13:14 | Create | Skirmisher |
| 13:16 | Create | Villager (Male) |
| 13:21 | Create | Skirmisher |
| 13:30 | Create | Villager (Male) |
| 13:43 | Build | Mining Camp |
| 13:49 | Create | Skirmisher |
| 13:52 | Create | Villager (Male) |
| 14:11 | Create | Skirmisher |
| 14:21 | Create | Skirmisher |
| 14:36 | Create | Villager (Male) |
| 14:37 | Build | Farm |
| 14:38 | Build | Farm |
| 14:54 | Build | House |
| 14:58 | Create | Skirmisher |
| 14:59 | Create | Villager (Male) |
| 15:27 | Create | Villager (Male) |
| 15:28 | Create | Skirmisher |
| 15:54 | Build | House |
| 15:59 | Create | Villager (Male) |
| 16:00 | Build | Blacksmith |
| 16:08 | Create | Villager (Male) |
| 16:27 | Research | Wheelbarrow |
| 16:44 | Create | Skirmisher |
| 16:46 | Research | Fletching |
| 16:48 | Build | House |
| 16:51 | Create | Skirmisher |
| 16:55 | Build | Farm |
| 16:56 | Build | Farm |
| 16:57 | Create | Villager (Male) |
| 17:21 | Build | Farm |
| 17:27 | Create | Skirmisher |
| 17:39 | Research | Padded Archer Armor |
| 17:40 | Research | Padded Archer Armor |
| 17:46 | Create | Skirmisher |
| 17:51 | Create | Villager (Male) |
| 18:06 | Build | Market |
| 18:08 | Create | Villager (Male) |
| 18:17 | Build | Mining Camp |
| 18:22 | Create | Skirmisher |
| 18:37 | Create | Skirmisher |
| 18:39 | Create | Villager (Male) |
| 19:13 | Build | Farm |
| 19:14 | Build | Lumber Camp |
| 19:22 | Research | Castle Age |
| 19:34 | Build | Farm |
| 19:46 | Create | Skirmisher |
| 20:05 | Create | Skirmisher |
| 20:10 | Build | Farm |
| 20:11 | Build | Farm |
| 20:15 | Create | Skirmisher |
| 20:42 | Research | Horse Collar |
| 20:49 | Create | Skirmisher |
| 21:23 | Build | House |
| 21:28 | Build | House |
| 21:34 | Create | Skirmisher |
| 21:46 | Build | Watch Tower |
| 21:50 | Build | House |
| 21:57 | Build | House |
| 21:59 | Build | Palisade Wall |
| 22:00 | Build | Palisade Wall |
| 22:03 | Age | Castle Age |
| 22:03 | Build | House |
| 22:04 | Create | Villager (Male) |
| 22:08 | Research | Bodkin Arrow |
| 22:09 | Research | Bodkin Arrow |
| 22:16 | Create | Villager (Male) |
| 22:31 | Research | Bow Saw |
| 22:31 | Research | Bow Saw |
| 22:35 | Create | Villager (Male) |
| 22:42 | Create | Villager (Male) |
| 22:47 | Create | Skirmisher |
| 22:48 | Create | Skirmisher |
| 23:10 | Create | Skirmisher |
| 23:10 | Create | Skirmisher |
| 23:22 | Research | Leather Archer Armor |
| 23:23 | Research | Leather Archer Armor |
| 23:46 | Create | Skirmisher |
Match timeline
| 5:35 | PomPom · first_building Barracks |
| 7:21 | _DaViCy_ · first_building Barracks |
| 7:37 | _DaViCy_ · wall_segment Palisade Wall x1 |
| 8:21 | _DaViCy_ · wall_segment Palisade Wall x3 |
| 8:30 | _DaViCy_ · wall_segment Palisade Wall x5 |
| 8:54 | _DaViCy_ · age_up feudal |
| 9:00 | _DaViCy_ · first_building Archery Range |
| 9:10 | _DaViCy_ · wall_segment Palisade Wall x1 |
| 9:14 | _DaViCy_ · wall_segment Palisade Wall x1 |
| 9:21 | _DaViCy_ · wall_segment Palisade Wall x1 |
| 9:22 | PomPom · age_up feudal |
| 9:49 | _DaViCy_ · wall_segment Palisade Wall x2 |
| 9:51 | _DaViCy_ · wall_segment Palisade Wall x1 |
| 10:31 | _DaViCy_ · wall_segment Palisade Wall x1 |
| 10:35 | _DaViCy_ · wall_segment Palisade Wall x2 |
| 10:52 | _DaViCy_ · wall_segment Palisade Wall x1 |
| 10:55 | PomPom · first_building Archery Range |
| 11:32 | PomPom · wall_segment Palisade Wall x1 |
| 11:34 | PomPom · wall_segment Palisade Wall x1 |
| 11:34 | PomPom · wall_segment Palisade Wall x1 |
| 11:35 | PomPom · wall_segment Palisade Wall x1 |
| 11:35 | PomPom · wall_segment Palisade Wall x1 |
| 19:18 | _DaViCy_ · first_market_buy 100 food |
| 21:59 | _DaViCy_ · wall_segment Palisade Wall x1 |
| 22:00 | _DaViCy_ · wall_segment Palisade Wall x1 |
| 22:03 | _DaViCy_ · age_up castle |
| 22:19 | PomPom · wall_segment Palisade Wall x1 |
| 23:07 | PomPom · age_up castle |
| 23:43 | PomPom · first_building Siege Workshop |
| 25:19 | _DaViCy_ · first_building Siege Workshop |
| 26:05 | PomPom · wall_segment Palisade Wall x1 |
| 26:08 | PomPom · wall_segment Palisade Wall x1 |
| 33:41 | PomPom · first_building Castle |
| 35:23 | _DaViCy_ · first_building Castle |
| 35:24 | PomPom · first_market_sell 100 food |
| 35:37 | PomPom · first_building Monastery |
| 36:18 | PomPom · first_building Stable |
| 38:38 | PomPom · age_up imperial |
| 39:34 | _DaViCy_ · age_up imperial |
| 45:42 | _DaViCy_ · resign |
[ AI ANALYSIS · 1 CREDIT ]
What really happened in this match?
Wolo.gg analyzes every decision: build order, eco, micro, common mistakes by bracket. Personalized analysis on WhatsApp or Discord in 30 seconds.
Civ guide
Vietnamese
Perfil
Jugador #455708